 Dungeon Crawl Stone Soup version 0.28.0 (webtiles) character file.

Game seed: 6136423355003229943

494 AmazingTV the Skirmisher (level 6, -4/56 HPs)
             Began as a Minotaur Fighter on July 28, 2022.
             Slain by Pikel (12 damage)
             ... on level 4 of the Dungeon.
             The game lasted 00:13:43 (3536 turns).

AmazingTV the Skirmisher (Minotaur Fighter)         Turns: 3536, Time: 00:13:43

Health: -4/56      AC:  7    Str: 29    XL:     6   Next: 92%
Magic:  5/5        EV: 10    Int:  5    God:
Gold:   140        SH:  4    Dex:  9    Spells: 5/5 levels left

rFire   + . .      SeeInvis .   o - +2 whip (freeze) {mace}
rCold   + + .      Faith    .   c - +0 buckler
rNeg    + . .      Spirit   .   A - +1 ring mail {rC+}
rPois   .          Reflect  .   (helmet restricted)
rElec   .          Harm     .   t - scarf {rC+ rF+}
rCorr   .          Rampage  .   (no gloves)
Will    .....                   (no boots)
Stlth   ..........              (no amulet)
HPRegen 0.18/turn               k - +6 ring of strength
MPRegen 0.09/turn               q - ring of positive energy

@: no status effects
A: horns 2, retaliatory headbutt
a: no special abilities


You were on level 4 of the Dungeon.
You visited 1 branch of the dungeon, and saw 5 of its levels.

You collected 140 gold pieces.


Innate Abilities, Weirdness & Mutations

You have a pair of horns on your head.
You reflexively headbutt those who attack you in melee.


   Skills:
 + Level 5.1 Fighting
 + Level 3.3(4.4) Axes
 + Level 4.2(4.8) Maces & Flails
 + Level 2.8 Slings
 + Level 5.0 Armour
 + Level 5.0 Shields


You had 5 spell levels left.
You didn't know any spells.
Your spell library contained the following spells:

 Spells                   Type           Power      Damage    Failure   Level
 Sublimation of Blood     Necr           0%         N/A       82%         2
 Wereblood                Tmut           0%         N/A       82%         2
 Cause Fear               Hex            0%         N/A       100%        4
 Dragon Form              Tmut           0%         N/A       100%        7
 Summon Hydra             Summ           0%         N/A       100%        7
 Dragon's Call            Summ           0%         N/A       100%        9

Inventory:

Hand Weapons
 a - a +0 flail {mace}
 o - a +2 whip of freezing (weapon) {mace}
   (You found it on level 2 of the Dungeon)
Missiles
 i - 136 stones
 p - 15 arrows
 u - 4 poisoned darts (quivered)
 y - 3 boomerangs
 B - 26 bolts
Armour
 c - a +0 buckler (worn)
 t - a scarf of resistance (worn)
   (You found it on level 3 of the Dungeon)
 A - a +1 ring mail of cold resistance (worn)
   (You found it on level 4 of the Dungeon)
Jewellery
 k - a +6 ring of strength (left hand)
   (You found it on level 2 of the Dungeon)
 q - a ring of positive energy (right hand)
   (You found it on level 2 of the Dungeon)
 v - a +4 ring of protection
   (You took it off a goblin on level 3 of the Dungeon)
Scrolls
 e - 4 scrolls of teleportation {unknown}
 f - a scroll of noise {unknown}
 h - a scroll of magic mapping {unknown}
 l - 4 scrolls of identify {unknown}
 m - 2 scrolls of vulnerability {unknown}
 r - 3 scrolls of enchant armour {unknown}
 x - a scroll of silence {unknown}
Potions
 b - a potion of resistance {unknown}
 d - 5 potions of might
 g - a potion of brilliance {unknown}
 j - 3 potions of curing {unknown}
 n - 3 potions of heal wounds {unknown}
 s - 2 potions of attraction {unknown}
 w - 2 potions of flight {unknown}
 z - a potion of haste {unknown}

Dungeon Overview and Level Annotations

Branches:
Dungeon (5/15)
 Temple: D:4-7

Altars:
Ashenzari

Shops:
D:1 [*[

Annotations:
D:4 Pikel

## #.###########.#### ##.. .##
#.......# #.#### ##... ..##
#..####.# #.##.## ##....
...####.......#####)#...####.....
...'.......................'.....
...####...##..##........####.....
..## ##.###..##5##.##.## ##....
.## #......##K##.##.# ##.). ##
#####.###@##.##.# ##.. # #.#
#5##.##.### ##) ##.###5##.#....#
#) ###...##.##.#..#.# #. #####
#......#.##.#..#.# ##. ....#
#.#...##.......#.# ##.. .##.#
#.##.######......# #... ###.#
#.#### ###.#..# ##.. ###.#####.#
#.#..#######.


You could see Pikel (very poisoned) and 3 lemures.


Message History

😕 HP[-3]
You take 3 damage, and now have 53/56 hp.
You hit the lemure. You freeze the lemure. The lemure hits you. 😕 HP[-1]
You take 1 damage, and now have 52/56 hp.
You hit the lemure but do no damage. Your headbutt misses the lemure.
The lemure closely misses you. You furiously retaliate!
You headbutt the lemure, but do no damage. 😕 HP[+1]
You hit the lemure but do no damage. The lemure hits you but does no damage.
You hit the lemure. You freeze the lemure. Your headbutt misses the lemure.
The lemure misses you.
You hit the lemure. You freeze the lemure. You block the lemure's attack.
You miss the lemure. You block the lemure's attack.
You hit the lemure. You freeze the lemure. The lemure hits you. 😕 HP[-3]
You take 3 damage, and now have 50/56 hp.
You hit the lemure. You freeze the lemure. Your headbutt misses the lemure.
The lemure barely misses you.
You whack the lemure! You freeze the lemure.
You kill the lemure!
That felt strangely unrewarding.
You start resting. 😎 HP[+6]
Your hp is fully restored (56).
You climb downwards.
Level annotation: Pikel The bullfrog skeleton closely misses you.
The lemure hits you but does no damage. The bullfrog skeleton hits you.
The lemure barely misses you.
There is a stone staircase leading up here. 😕 HP[-2]
You take 2 damage, and now have 54/56 hp.
You block the bullfrog skeleton's attack.
The bullfrog skeleton hits you but does no damage.
You climb upwards.
There is a stone staircase leading down here.
You climb downwards.
Level annotation: Pikel You block the lemure's attack.
The bullfrog skeleton hits you.
The lemure hits you but does no damage. x2
The bullfrog skeleton completely misses you.
You block Pikel's attack.
There is a stone staircase leading up here. 😕 HP[-1]
You take 1 damage, and now have 53/56 hp.
The lemure hits you. The lemure closely misses you.
The bullfrog skeleton closely misses you.
The lemure barely misses you.
Pikel hits you with a +0 whip of electrocution.
You climb upwards.
There is a stone staircase leading down here. 😕 HP[-10]
You take 10 damage, and now have 43/56 hp.
You closely miss the lemure. The lemure barely misses you.
The lemure hits you but does no damage. 😕 HP[+1]
You closely miss the lemure. The lemure hits you. 😮 HP[-2]
You take 2 damage, and now have 42/56 hp.
You barely miss Pikel. The lemure hits you but does no damage.
Throw: 137 stones
Press: ? - help, Q - select action, (/) - cycle Shift-Dir - straight line, f - Pikel
Aim: Pikel, wielding a +0 whip of electrocution and wearing a +0 robe (47% to hit)
You throw a stone. The stone closely misses Pikel.
The stone hits the lemure but does no damage.
Pikel barely misses you. The lemure hits you! 😮 HP[-8]
You take 8 damage, and now have 34/56 hp.
Throw: 6 darts (poison)
Press: ? - help, Q - select action, (/) - cycle Shift-Dir - straight line, f/p - Pikel
Aim: Pikel, wielding a +0 whip of electrocution and wearing a +0 robe (47% to hit)
You throw a poisoned dart. The poisoned dart hits Pikel.
Pikel is poisoned.
Pikel closely misses you. You furiously retaliate!
You headbutt Pikel. You block the lemure's attack.
Throw: 5 darts (poison)
Press: ? - help, Q - select action, (/) - cycle Shift-Dir - straight line, f/p - Pikel
Aim: Pikel, wielding a +0 whip of electrocution and wearing a +0 robe (lightly wounded, poisoned, 47% to hit)
You throw a poisoned dart. The poisoned dart hits Pikel.
Pikel looks even sicker.
Pikel hits you with a +0 whip of electrocution.
The lemure hits you!
* * * LOW HITPOINT WARNING * * *
😨 HP[-8]
You take 8 damage, and now have 26/56 hp.
You hit Pikel. You freeze Pikel. Pikel misses you. You furiously retaliate!
You headbutt Pikel! The lemure hits you but does no damage.
You whack Pikel! You freeze Pikel. Your headbutt misses Pikel.
Pikel hits you with a +0 whip of electrocution.
* * * LOW HITPOINT WARNING * * *
You are electrocuted!
* * * LOW HITPOINT WARNING * * *
😱 HP[-13]
You take 13 damage, and now have 13/56 hp.
MASSIVE DAMAGE!! (PAUSE)
You closely miss Pikel. The lemure barely misses you.
Pikel hits you with a +0 whip of electrocution.
* * * LOW HITPOINT WARNING * * *
You are electrocuted!
You die...

Skill      XL: |  1  2  3  4  5  6 |
---------------+-------------------+-----
Axes           | 1 2 3 |  3.3
Fighting       | 4 5 |  5.1
Slings         | 1 2 |  2.8
Armour         | 4 5 |  5.0
Shields        | 4 5 |  5.0
Maces & Flails | 3 4 |  4.2

Action                   |  1- 3 |  4- 6 || total
-------------------------+-------+-------++-------
Melee: Flail             |    60 |       ||    60
       Headbutt          |    10 |    17 ||    27
       Whip              |    17 |   169 ||   186
Throw: Dart              |       |     5 ||     5
       Stone             |       |     2 ||     2
Armor: Scale mail        |    40 |    43 ||    83
       Ring mail         |       |    14 ||    14
Dodge: Dodged            |    44 |    70 ||   114
Block: Buckler           |    18 |    30 ||    48

Levels and vault maps discovered:
D:1:      saegor_arrival_simple_d, layout_rooms, serial_curves, eino_curves_01,
          eino_curves_04, serial_shops, nicolae_shop_advertising_works
          [nicolae_subvault_shop_adworks], nicolae_shop_overgrown_old_shop,
          nicolae_diamond_shop, minmay_heptomino_d4
D:2:      layout_basic, st_stairs_5, uniq_terence, uniq_jessica
D:3:      layout_basic, dreamdust_ecumenical_altar_grove
D:4:      layout_loops_corners, mainiacjoe_overflow_catwalk,
          kennysheep_nondescript
D:5:      layout_gridville, minmay_temple_entry_statues_pillars,
          small_statue_intersection, grunt_ministairs_11, minmay_ruined_shrine,
          uniq_pikel

Notes
Turn   | Place    | Note
-------+----------+-------------------------------------------
     0 | D:1      | AmazingTV the Minotaur Fighter began the quest for the Orb.
     0 | D:1      | Reached XP level 1. HP: 19/19 MP: 0/0
     0 | D:1      | magus.rc [v1.9.6]
   104 | D:1      | Reached XP level 2. HP: 27/27 MP: 1/1
   152 | D:1      | Found Omanog's Antique Armour Shop.
   161 | D:1      | Reached skill level 1 in Axes
   321 | D:1      | Found Ilitt's Antique Armour Boutique.
   349 | D:1      | Found Jexkarph's General Store.
   385 | D:1      | Reached skill level 4 in Fighting
   448 | D:1      | Reached XP level 3. HP: 33/33 MP: 2/2
   468 | D:1      | Reached skill level 1 in Slings
   692 | D:2      | Reached skill level 4 in Armour
   720 | D:2      | Reached skill level 4 in Shields
   725 | D:2      | You pick up a book of the Dragon and begin reading...
   725 | D:2      | You add the spells Cause Fear, Dragon Form and Dragon's
                  | Call to your library.
   731 | D:2      | Noticed Terence
   741 | D:2      | Killed Terence
   742 | D:2      | Reached skill level 3 in Maces & Flails
   742 | D:2      | Reached XP level 4. HP: 38/40 MP: 3/3
  1238 | D:2      | Noticed Jessica
  1249 | D:2      | Killed Jessica
  1250 | D:2      | Reached skill level 2 in Axes
  1530 | D:3      | Found a faded altar of an unknown god.
  1844 | D:3      | Reached XP level 5. HP: 47/47 MP: 4/4
  1850 | D:3      | Reached skill level 2 in Slings
  2423 | D:4      | Reached XP level 6. HP: 50/55 MP: 5/5
  2570 | D:4      | You pick up a book of Blood and begin reading...
  2570 | D:4      | You add the spells Sublimation of Blood, Wereblood and
                  | Summon Hydra to your library.
  2574 | D:4      | Found a broken altar of Ashenzari.
  2585 | D:4      | Reached skill level 3 in Axes
  2585 | D:4      | Reached skill level 4 in Maces & Flails
  2952 | D:4      | Reached skill level 5 in Fighting
  2961 | D:4      | Reached skill level 5 in Armour
  2961 | D:4      | HP: 14/56 [gnoll (6)]
  3308 | D:4      | Reached skill level 5 in Shields
  3454 | D:5      | Entered Level 5 of the Dungeon
  3468 | D:5      | Noticed Pikel
  3535 | D:4      | HP: 13/56 [Pikel (8)]
  3536 | D:4      | Slain by Pikel

Vanquished Creatures
  A phantom (D:4)
  A lemure (D:4)
  A scorpion (D:4)
  An orc priest (D:3)
  A gnoll shaman (D:4)
  2 hounds
  Terence (D:2)
  Jessica (D:2)
  5 gnolls (D:4)
  4 adders
  A worm (D:4)
  2 dart slugs
  15 orcs
  6 ball pythons
  10 bats
  6 endoplasms
  2 giant cockroaches
  6 hobgoblins
  5 jackals
  2 quokkas
  5 frilled lizards
  5 goblins
  9 kobolds
  5 rats
97 creatures vanquished.

Table legend:
 A = Non-vault XP
 B = Vault XP
 C = Vault XP percentage of total XP
 D = Non-vault monster count
 E = Vault monster count
 F = Vault count percentage of total count
                 A         B        C        D         E       F
            +---------+---------+-------+---------+---------+-------
      Total |     624 |      83 |  11.7 |      89 |       7 |   7.3
            +---------+---------+-------+---------+---------+-------
        D:1 |      43 |       5 |  10.4 |      26 |       3 |  10.3
        D:2 |      40 |      78 |  66.1 |      18 |       4 |  18.2
        D:3 |     144 |       0 |   0.0 |      20 |       0 |   0.0
        D:4 |     397 |       0 |   0.0 |      25 |       0 |   0.0
            +---------+---------+-------+---------+---------+-------

Illustrated notes

Table legend:
 A = Kills in this place as a percentage of kills in entire the game.
 B = Kills by you in this place as a percentage of kills by you in the entire game.
 C = Kills by friends in this place as a percentage of kills by friends in the entire game.
 D = Other kills in this place as a percentage of other kills in the entire game.
 E = Experience gained in this place as a percentage of experience gained in the entire game.
 F = Experience gained in this place divided by the number of levels of this place that you have seen.
                   A       B       C       D       E      F
               +-------+-------+-------+-------+-------+----------------------
         Total | 100.0 | 100.0 |   N/A |   N/A | 100.0 | 141.4
       Dungeon | 100.0 | 100.0 |   N/A |   N/A | 100.0 | 141.4
               +-------+-------+-------+-------+-------+----------------------

Table legend: (Time is in decaauts)
 A = Elapsed time spent in this place.
 B = Non-inter-level travel time spent in this place.
 C = Inter-level travel time spent in this place.
 D = Time resting spent in this place.
 E = Time spent auto-exploring this place.
 F = Levels seen in this place.
 G = Mean time per level.
                   A        B        C        D        E       F      G
               +--------+--------+--------+--------+--------+-----+--------+
         Total |   3544 |   3443 |    101 |    479 |   2367 |   5 |  708.8 |
       Dungeon |   3544 |   3443 |    101 |    479 |   2367 |   5 |  708.8 |
               +--------+--------+--------+--------+--------+-----+--------+

Top non-repeatable levels by time:
     D:4: 1429 daAuts
     D:2: 829 daAuts
     D:3: 630 daAuts
     D:1: 628 daAuts
     D:5: 25 daAuts
